 Dungeon Crawl Stone Soup version 0.30-a0-1082-g70414cbcbb (webtiles) character file.

Game seed: 5425524383911967855

17410 Papiron the Cleaver (level 12, -15/107 HPs)
             Began as a Minotaur Fighter on Apr 15, 2023.
             Was a High Priest of Okawaru.
             Demolished by a very large slime creature (33 damage)
             ... on level 12 of the Dungeon.
             The game lasted 00:16:37 (9611 turns).

Papiron the Cleaver (Minotaur Fighter)              Turns: 9611, Time: 00:16:37

Health: -15/107    AC: 15    Str: 24    XL:     12   Next: 18%
Magic:  9/11       EV: 20    Int:  5    God:    Okawaru [*****.]
Gold:   395        SH:  9    Dex: 12    Spells: 11/11 levels left

rFire   . . .      SeeInvis .    a - +2 war axe (venom)
rCold   . . .      Faith    .    c - +1 buckler
rNeg    + . .      Spirit   .    v - +1 scale mail {rN+}
rPois   .          Reflect  .    x - +1 hat
rElec   .          Rampage  .    n - +1 cloak
rCorr   .                        (no gloves)
Will    .....                    (no boots)
Stlth   +                        (no amulet)
HPRegen 0.37/turn                e - +4 ring of protection
MPRegen 0.12/turn                w - +5 ring of evasion

@: mighty, heroic
A: horns 2, retaliatory headbutt, deformed body
a: Renounce Religion, Heroism, Finesse, Duel


You were on level 12 of the Dungeon.
You worshipped Okawaru.
Okawaru was extremely pleased with you.
You visited 2 branches of the dungeon, and saw 13 of its levels.

You collected 644 gold pieces.
You spent 249 gold pieces at shops.

Inventory:

Hand Weapons
 a - a +2 war axe of venom (weapon)
Armour
 c - a +1 buckler (worn)
 n - a +1 cloak (worn)
 v - a +1 scale mail of positive energy (worn)
 x - a +1 hat (worn)
Jewellery
 e - a +4 ring of protection (left hand)
 l - a ring of protection from fire
 p - a +6 ring of intelligence
 w - a +5 ring of evasion (right hand)
 z - a ring of ice
Wands
 b - a wand of polymorph (4)
 d - a wand of digging (13)
 g - a wand of iceblast (25)
 t - a wand of light (2)
Scrolls
 j - 6 scrolls of teleportation
 m - 2 scrolls of fog
 o - a scroll of immolation
 u - a scroll of magic mapping
 y - a scroll of fear
Potions
 f - 3 potions of attraction
 h - 2 potions of resistance
 i - 2 potions of flight
 k - a potion of haste
 q - 2 potions of might
 r - 4 potions of curing
 s - a potion of lignification {unknown}


   Skills:
 + Level 10.3(15.3) Fighting
 + Level 14.2(19.2) Axes
 + Level 10.3(15.3) Armour
 + Level 8.6(13.6) Dodging
 + Level 10.3(15.3) Shields


You had 11 spell levels left.
You didn't know any spells.
Your spell library contained the following spells:

 Spells                   Type           Power      Damage    Failure   Level
 Apportation              Tloc           0%         N/A       75%         1
 Necrotise                Necr           0%         1d4       75%         1
 Inner Flame              Hex/Fire       0%         N/A       98%         3
 Flame Wave               Conj/Fire      0%         2d4       100%        4
 Sticky Flame             Conj/Fire      0%         2d3       100%        4
 Yara's Violent Unravell  Hex/Tmut       0%         3d3       100%        5
 Enfeeble                 Hex            0%         N/A       100%        7
 Summon Small Mammal      Summ           Unusable   N/A       N/A         1

Dungeon Overview and Level Annotations

Branches:
Dungeon (12/15)            Temple (1/1) D:6            Lair (0/5) D:9
    Orc (0/2) D:9

Altars:
Ashenzari
Cheibriados
Dithmenos
Hepliaklqana
Nemelex Xobeh
Okawaru
Qazlal
Ru
Trog
Uskayaw
Zin

Shops:
D:3 =   D:4 *=   D:6 ?*:   D:7 *

Annotations:
D:8 2 transporters, hemabe1971's ghost, novice HuAr
D:11 3 runed translucent doors, CrazyBamboolord's ghost, journeyman KoAr; anet's ghost, journeyman MiBe
D:12 Fannar


Innate Abilities, Weirdness & Mutations

You have a pair of horns on your head.
You reflexively headbutt those who attack you in melee.
Armour fits poorly on your strangely shaped body.


Message History

You headbutt the very large slime creature!!
Unknown command.
You slash the very large slime creature!
The very large slime creature is moderately wounded.
The very large slime creature hits you!!!
* * * LOW HITPOINT WARNING * * *
Fannar gestures wildly while chanting.
You hit the very large slime creature.
The very large slime creature is moderately wounded.
The very large slime creature completely misses you.
You slash the very large slime creature!
You headbutt the very large slime creature!
The very large slime creature is heavily wounded.
The very large slime creature completely misses you.
You barely miss the very large slime creature.
You headbutt the very large slime creature!
The very large slime creature is heavily wounded.
You slash the very large slime creature!
Your headbutt misses the very large slime creature.
The very large slime creature is severely wounded.
The very large slime creature hits you.
* * * LOW HITPOINT WARNING * * *
You slash the very large slime creature!
The very large slime creature is severely wounded.
The skeletal warrior is no longer blind.
The very large slime creature barely misses you.
You slash the very large slime creature!
Your headbutt misses the very large slime creature.
The very large slime creature is severely wounded.
The very large slime creature hits you.
* * * LOW HITPOINT WARNING * * *
Fannar mumbles some strange words.
Fannar blinks!
You completely miss the very large slime creature.
You headbutt the very large slime creature!
The very large slime creature is almost dead.
You slice the very large slime creature!!
The very large slime creature is almost dead.
The very large slime creature hits you!!
You die...

#######'####
####+## #...#
....... ####'###
...J... #......#
....... #......#
....... #......#
....... #......#
.......####......#
......zYzJ@......#
.....>ยง####......#
....... #......#
....... #......#
####### #......#
#......# #......#
########


You could see 2 skeletal warriors, a very large slime creature and an ice beast
(summoned).

Vanquished Creatures
  2 skeletal warriors (D:12)
  A cyclops (D:11)
  An orc knight (D:11)
  A gargoyle (D:10)
  A komodo dragon (D:9)
  A merfolk (D:10)
  A hornet (D:8)
  A shadow (D:11)
  A spriggan (D:10)
  2 wraiths (D:10)
  2 humans
  15 yaks
  A wyvern (D:9)
  3 hogs (D:7)
  A steam dragon (D:8)
  Menkaure (D:4)
  3 water moccasins (D:9)
  Duvessa (D:4)
  A sky beast (D:5)
  3 black bears
  6 orc warriors
  5 ogres
  2 centaurs
  3 kobold brigands
  5 bullfrogs
  5 scorpions
  Dowan (D:4)
  5 killer bees (D:8)
  5 howler monkeys
  6 orc priests
  2 jellies
  5 hounds
  2 sleepcaps
  Natasha (twice) (D:3)
  4 iguanas
  12 orc wizards
  8 adders
  A shadow imp (D:7)
  A white imp (D:8)
  A worm (D:3)
  4 dart slugs
  52 orcs
  7 ball pythons
  10 endoplasms
  5 giant cockroaches
  8 goblins
  8 hobgoblins
  15 jackals
  20 kobolds
  9 quokkas
  6 bats
  2 frilled lizards
  7 rats
277 creatures vanquished.

Vanquished Creatures (others)
  A howler monkey (D:11)
  44 fungi (D:9)
  54 plants
  6 withered plants (D:11)
105 creatures vanquished.

Grand Total: 382 creatures vanquished

Notes
Turn   | Place    | Note
-------+----------+-------------------------------------------
     0 | D:1      | Papiron the Minotaur Fighter began the quest for the Orb.
     0 | D:1      | Reached XP level 1. HP: 19/19 MP: 0/0
     4 | D:1      | Found a faded altar of an unknown god.
    73 | D:1      | Reached XP level 2. HP: 23/27 MP: 1/1
   150 | D:1      | Reached skill level 1 in Dodging
   278 | D:1      | Reached XP level 3. HP: 30/33 MP: 2/2
   315 | D:1      | Reached skill level 3 in Axes
   687 | D:2      | Found a broken altar of Ashenzari.
   801 | D:2      | Reached XP level 4. HP: 39/40 MP: 3/3
  1017 | D:3      | Found an iron altar of Okawaru.
  1034 | D:3      | Became a worshipper of Warmaster Okawaru
  1179 | D:3      | Noticed Natasha
  1185 | D:3      | Killed Natasha
  1285 | D:3      | Identified the +5 dagger "Hocies" {heavy, rPois Will+
                  | Dex+3}
  1312 | D:3      | Found Koaqyzui's One-of-a-Kind Rings.
  1390 | D:3      | Reached XP level 5. HP: 47/47 MP: 4/4
  1540 | D:3      | Noticed Natasha
  1548 | D:3      | Killed Natasha
  1612 | D:4      | Noticed Menkaure
  1620 | D:4      | Killed Menkaure
  1621 | D:4      | Reached skill level 4 in Axes
  1621 | D:4      | Reached XP level 6. HP: 29/55 MP: 5/5
  1711 | D:4      | Found a hide-covered altar of Uskayaw.
  1823 | D:4      | Noticed Duvessa
  1823 | D:4      | Noticed Dowan
  1829 | D:4      | Killed Duvessa
  1829 | D:4      | Reached * piety under Okawaru
  1830 | D:4      | Reached skill level 5 in Fighting
  1830 | D:4      | Reached skill level 5 in Armour
  1830 | D:4      | Reached skill level 5 in Shields
  1834 | D:4      | Killed Dowan
  1993 | D:4      | Reached XP level 7. HP: 61/61 MP: 6/6
  2004 | D:4      | Found a sacrificial altar of Ru.
  2072 | D:4      | Found a sparkling altar of Nemelex Xobeh.
  2083 | D:4      | Found Gixyarchi's Jewellery Boutique.
  2106 | D:4      | Found Dyiduaza's Assorted Antiques.
  2111 | D:4      | Bought a scroll of teleportation for 57 gold pieces
  2459 | D:5      | Entered Level 5 of the Dungeon
  2541 | D:5      | Reached ** piety under Okawaru
  2542 | D:5      | Reached skill level 5 in Axes
  2828 | D:5      | Reached XP level 8. HP: 46/70 MP: 7/7
  3130 | D:6      | Reached skill level 6 in Axes
  3500 | D:6      | Found a staircase to the Ecumenical Temple.
  3509 | Temple   | Entered the Ecumenical Temple
  3610 | D:6      | Found Suogircheu's Book Emporium.
  3629 | D:6      | Reached skill level 5 in Dodging
  3805 | D:6      | Found Upiaxo's Assorted Antiques.
  3818 | D:6      | Bought an emerald potion for 20 gold pieces
  3818 | D:6      | Bought a scroll labelled GETHODGH ESESON for 23 gold pieces
  3818 | D:6      | Bought a potion of might for 92 gold pieces
  3986 | D:6      | Found Joized's Magic Scroll Shoppe.
  3994 | D:6      | Reached *** piety under Okawaru
  4148 | D:7      | Reached XP level 9. HP: 35/79 MP: 8/8
  4160 | D:7      | HP: 3/79 [hog (5)]
  4164 | D:7      | Reached skill level 7 in Axes
  4351 | D:7      | Found Kedoamuroo's Assorted Antiques.
  4359 | D:7      | Bought a scroll labelled SUNUIK INIXKEGO for 30 gold pieces
  4380 | D:7      | Reached **** piety under Okawaru
  4481 | D:7      | Bought a bubbling red potion for 27 gold pieces
  4573 | D:7      | Found a snail-covered altar of Cheibriados.
  4576 | D:7      | Gained mutation: Armour fits poorly on your strangely
                  | shaped body. [potion of mutation]
  5077 | D:8      | Found a transporter.
  5079 | D:8      | Identified the +3 buckler of the World {rPois Regen+ Str+3
                  | Int-4}
  5452 | D:8      | Reached skill level 8 in Axes
  5454 | D:8      | Found a transporter.
  5669 | D:8      | Reached ***** piety under Okawaru
  5670 | D:8      | Reached XP level 10. HP: 90/90 MP: 9/9
  5775 | D:8      | Found a hazy altar of Hepliaklqana.
  5783 | D:8      | Found a broken altar of Ashenzari.
  6024 | D:8      | Identified the ring "Joina" {rF+ Int+6}
  6036 | D:8      | Noticed hemabe1971's ghost (novice HuAr)
  6152 | D:9      | Found a staircase to the Orcish Mines.
  6342 | D:9      | Found a stormy altar of Qazlal.
  6509 | D:9      | HP: 4/91 [poisoned by a water moccasin]
  6859 | D:9      | Found a staircase to the Lair.
  7226 | D:10     | Entered Level 10 of the Dungeon
  7232 | D:10     | Noticed a gargoyle
  7243 | D:10     | Killed a gargoyle
  7244 | D:10     | Reached skill level 9 in Axes
  7321 | D:10     | Received a gift from Okawaru
  7480 | D:10     | Reached skill level 13 in Axes
  7480 | D:10     | Reached XP level 11. HP: 97/97 MP: 10/10
  8315 | D:11     | Found a runed translucent gate.
  8315 | D:11     | Found a runed translucent gate.
  8318 | D:11     | Found a runed translucent gate.
  8319 | D:11     | Noticed CrazyBamboolord's ghost (journeyman KoAr)
  8319 | D:11     | Noticed anet's ghost (journeyman MiBe)
  8322 | D:11     | Noticed an orc knight
  8335 | D:11     | Killed an orc knight
  8339 | D:11     | HP: 4/99 [orc warrior/+0 glaive[an orc knight] (23)]
  8627 | D:11     | Reached skill level 14 in Axes
  8632 | D:11     | Reached skill level 10 in Shields
  8633 | D:11     | Reached skill level 10 in Fighting
  8635 | D:11     | Reached skill level 10 in Armour
  8781 | D:11     | Found a sacrificial altar of Ru.
  8835 | D:11     | Reached XP level 12. HP: 106/106 MP: 11/11
  9584 | D:12     | Noticed Fannar
  9611 | D:12     | Demolished by a very large slime creature

Illustrated notes

Levels and vault maps discovered:
D:1:      ncdulo_lavacross, layout_rooms, ebering_ecumenical_altar_abandoned
D:2:      layout_basic, basic_altar
D:3:      layout_rooms, mainiacjoe_overflow_brackets, serial_bayou_pond_b,
          nicolae_shop_unique_rings, uniq_natasha
D:4:      layout_loops_ring, mainiacjoe_overflow_surrounded_room,
          mainiacjoe_overflow_chevrons, nemelex_diamond_rough_becter,
          serial_shops, shop, shop, uniq_menkaure, uniq_duvessa
D:5:      layout_rooms
D:6:      layout_cave_pools, minmay_temple_entry_ruins, serial_shops,
          nicolae_shop_hallway_stairs, nicolae_shop_tiny_statue_garden,
          kennysheep_mini
D:7:      layout_rooms, kennysheep_slug_shrine, serial_shops,
          nicolae_shop_peninsula, serial_bayou_pond_a,
          amcnicky_mini_rare_corridor_liquid, grunt_livestock
D:8:      layout_loops_ring, mainiacjoe_overflow_large_starburst,
          gammafunk_ghost_gnarly_gnolls
D:9:      layout_irregular_city, grunt_qazlal_clouds,
          due_lair_maze_entry_diamond, hiddenorc2_lemuel
D:10:     layout_irregular_city, hangedman_stone_soup
D:11:     layout_rooms, gammafunk_ghost_cemetery, minivault_5,
          nicolae_ru_great_annihilating_truth
D:12:     layout_roguey, minmay_misc_feat_pillars, uniq_psyche, uniq_nergalle,
          uniq_fannar
Temple:   compressed_dpeg_circular_temple

Skill      XL: |  1  2  3  4  5  6  7  8  9 10 11 |
---------------+----------------------------------+-----
Dodging        | 1 2 3 4 5 6 7 8 |  8.6
Fighting       | 4 5 6 7 8 9 10 | 10.3
Shields        | 4 5 6 7 8 9 10 | 10.3
Armour         | 4 5 6 7 8 9 10 | 10.3
Axes           | 3 4 5 6 8 13 14 | 14.2

Action                     |  1- 3 |  4- 6 |  7- 9 | 10-12 || total
---------------------------+-------+-------+-------+-------++-------
  Melee: War axe           |    80 |    78 |   227 |   265 ||   650
         Headbutt          |    12 |    10 |    50 |    59 ||   131
 Invoke: Heroism           |       |       |       |     2 ||     2
  Evoke: Wand              |       |       |       |     2 ||     2
    Use: Scroll            |     5 |     4 |    14 |     2 ||    25
         Potion            |       |     1 |     3 |     3 ||     7
   Stab: Paralysed         |       |       |       |     1 ||     1
         Invisible         |       |       |       |     1 ||     1
 Armour: Scale mail        |    36 |    28 |    89 |    64 ||   217
  Dodge: Dodged            |    51 |    44 |   119 |   115 ||   329
  Block: Buckler           |    25 |    15 |    68 |    71 ||   179

Table legend: (Time is in decaauts)
 A = Elapsed time spent in this place.
 B = Non-inter-level travel time spent in this place.
 C = Inter-level travel time spent in this place.
 D = Time resting spent in this place.
 E = Time spent auto-exploring this place.
 F = Levels seen in this place.
 G = Mean time per level.
                   A        B        C        D        E       F      G
               +--------+--------+--------+--------+--------+-----+--------+
         Total |   9750 |   9399 |    351 |    619 |   6994 |  13 |  750.0 |
       Dungeon |   9748 |   9398 |    350 |    619 |   6994 |  12 |  812.3 |
        Temple |      1 |      1 |      0 |      0 |      0 |   1 |    1.0 |
               +--------+--------+--------+--------+--------+-----+--------+

Top non-repeatable levels by time:
     D:8: 1317 daAuts
    D:11: 1263 daAuts
    D:10: 1070 daAuts
     D:7: 962 daAuts
     D:6: 958 daAuts
     D:9: 924 daAuts
     D:4: 908 daAuts
     D:5: 663 daAuts
     D:1: 618 daAuts
     D:3: 593 daAuts
     D:2: 413 daAuts
    D:12: 54 daAuts
  Temple: 1 daAuts
